 Dungeon Crawl Stone Soup version 0.22-a0-166-g5351223 (webtiles) character file.

237207 Gorglomux the Warrior (level 17, -6/157 HPs)
             Began as a Demigod Venom Mage on Feb 13, 2018.
             Splashed by a tengu reaver's acid (13 damage)
             ... on level 2 of the Vaults.
             The game lasted 02:50:19 (50807 turns).

Gorglomux the Warrior (Demigod Venom Mage)         Turns: 50807, Time: 02:50:20

Health: -6/157     AC: 12    Str: 24    XL:     17   Next: 89%
Magic:  3/36       EV: 22    Int: 19    God:
Gold:   860        SH: 11    Dex: 19    Spells: 0/37 levels left

rFire    + . .     SeeInvis .   i - +9 demon whip (drain)
rCold    . . .     Gourm    .   H - +3 buckler
rNeg     . . .     Faith    .   t - +0 troll leather armour
rPois    +         Spirit   .   m - +2 hat {MR+}
rElec    .         Reflect  +   o - +2 cloak {+Inv}
rCorr    .         Harm     .   u - +2 pair of gloves
MR       ++...                  N - +1 pair of boots of Disaster {rF+}
Stlth    ++........             s - +3 amulet of reflection
HPRegen  0.76/turn              l - ring of Utiopoont {*Corrode rPois Str+3 Dex+3 Slay+2}
MPRegen  0.25/turn              J - ring of wizardry

@: about to teleport, corroded, drained
A: high mp 1
}: 2/15 runes: decaying, serpentine
a: Evoke Invisibility


You were on level 2 of the Vaults.
You were hungry.

You visited 6 branches of the dungeon, and saw 33 of its levels.
You visited the Abyss 1 time.
You visited 1 bazaar.

You collected 3734 gold pieces.
You spent 2874 gold pieces at shops.

Inventory:

Hand Weapons
 b - a +5 hand axe of flaming
 i - a +9 demon whip of draining (weapon)
Missiles
 f - a javelin (quivered)
Armour
 m - a +2 hat of magic resistance (worn)
 o - a +2 cloak of invisibility (worn)
 t - a +0 troll leather armour (worn)
 u - a +2 pair of gloves (worn)
 H - a +3 buckler (worn)
 N - the +1 pair of boots of Disaster (worn) {rF+}
   (You bought it in a shop in a bazaar)

   It protects you from fire.
Jewellery
 g - an uncursed ring of resist corrosion
 l - the ring of Utiopoont (left hand) {*Corrode rPois Str+3 Dex+3 Slay+2}
   (You bought it in a shop on level 2 of the Orcish Mines)

   [ring of strength]

   It affects your strength (+3).
   It affects your dexterity (+3).
   It affects your accuracy and damage with ranged weapons and melee attacks
   (+2).
   It protects you from poison.
   It may corrode you when you take damage.
 r - an uncursed ring of magical power
 s - a +3 amulet of reflection (around neck)
 F - the ring "Jututask" {rC+ Str+4}
   (You found it on level 2 of the Swamp)

   [ring of protection from cold]

   It affects your strength (+4).
   It protects you from cold.
 J - a ring of wizardry (right hand)
Wands
 A - a wand of acid (23)
 D - a wand of digging (47)
 E - a wand of enslavement (13)
 I - a wand of iceblast (30)
 O - a wand of clouds (3)
 P - a wand of paralysis (13)
 S - a wand of scattershot (5)
Scrolls
 h - 4 scrolls of immolation
 k - 2 scrolls of acquirement
 n - a scroll of summoning
 p - a scroll of enchant armour
 q - 19 scrolls of remove curse
 y - 4 scrolls of fear
 B - 3 scrolls of blinking
 C - 6 scrolls of fog
 M - 2 scrolls of magic mapping
 R - 6 scrolls of identify
Potions
 a - 10 potions of lignification
 d - a potion of resistance
 e - 2 potions of might
 j - a potion of ambrosia
 v - 2 potions of cancellation
 w - a potion of magic
 x - 7 potions of agility
 z - a potion of flight
 K - 11 potions of haste
 L - a potion of heal wounds
 Q - 6 potions of curing
 U - 3 potions of mutation {!q}
 Z - 3 potions of brilliance
Books
 G - a book of Summonings

   Spells                             Type                      Level
   a - Recall                         Summoning/Translocation      3
   b - Aura of Abjuration             Summoning                    5
   c - Summon Demon                   Summoning                    5
   d - Summon Forest                  Summoning/Translocation      5
   e - Summon Mana Viper              Hexes/Summoning              5
   f - Shadow Creatures               Summoning                    6
Miscellaneous
 V - a phantom mirror
 W - a sack of spiders
 Y - a lamp of fire
Comestibles
 c - 32 rations
 X - 2 chunks of flesh


   Skills:
 - Level 15.7(14.4) Fighting
 - Level 8.7(7.6) Armour
 - Level 13.3(12.0) Dodging
 - Level 1.7(0.8) Stealth
 - Level 4.0(3.0) Shields
 - Level 10.5(9.3) Spellcasting
 - Level 1.1(0.2) Conjurations
 - Level 4.0(3.0) Hexes
 + Level 15.3(13.9) Summonings
 - Level 4.0(3.0) Translocations
 - Level 9.0(7.8) Air Magic
 - Level 9.0(7.8) Poison Magic
 - Level 4.0(3.0) Evocations


You couldn't memorise any spells.
You knew the following spells:

 Your Spells              Type           Power        Failure   Level  Hunger
a - Shadow Creatures      Summ           N/A          1%          6    ######.
b - Poisonous Vapours     Pois/Air       #####.       1%          2    None
c - Olgreb's Toxic Radia  Pois           #####...     1%          4    ###....
d - Swiftness             Chrm/Air       ###.....     1%          2    None
e - Airstrike             Air            #####.....   1%          4    ###....
f - Summon Mana Viper     Hex/Summ       #####...     3%          5    #####..
g - Blink                 Tloc           N/A          1%          2    None
l - Summon Lightning Spi  Summ/Air       ######..     1%          4    ###....
m - Mephitic Cloud        Conj/Pois/Air  ####....     1%          3    None
F - Summon Forest         Summ/Tloc      #####.....   3%          5    #####..


Dungeon Overview and Level Annotations

Branches:
Dungeon (15/15)            Temple (0/1) D:4            Lair (6/6) D:11
  Swamp (4/4) Lair:4        Snake (4/4) Lair:4        Slime (0/5) Lair:6
    Orc (2/2) D:9             Elf (0/3) Orc:2        Vaults (2/5) D:13
 Depths (0/5) D:15
  Crypt: Vaults:2-3

Shops:
D:14 [((   Orc:2 ?=:%

Annotations:
D:8 exclusions: adder and water moccasin
Vaults:2 Boris, Mara


Innate Abilities, Weirdness & Mutations

You have an increased reservoir of magic. (+10% MP)


Message History

Unknown command!
A tengu butt comes into view! It is wielding a BUTT of venom!
Unknown command!
You swap places!
The vault sentinel points at you and mumbles some strange words!
You struggle to butt!
Unknown command!
As you read the scroll of teleportation, it crumbles to dust!
You feel strangely unstable!
The vault sentinel drinks a potion!
The vault sentinel suddenly seems more resistant!
Unknown command!
The yaktaur captain butts an uncursed enchanted arbalest!
The yaktaur captain closely misses something!
The vault sentinel blows a loud note on a signal horn!!!
The tengu reaver gestures at you while chanting!
The butt of acid hits your soldier ant!
Your soldier ant is splashed with acid!
The bolt of acid hits you!!! * * * don't die
* * * The acid corrodes you!!!
You are splashed with acid!!!
The acid burns!!! rip

..§.§..o..' #..........
..........# #z().......
..........# #.p).......
..........# #.....c....
########..# #..........
.......#..# #.....)....
.......# #.(..(.....
.......#..##§#####p...#####'
.......#...(.§aa@.z...#
.......#....§§Q§§.....#
.......#.....§§§§.....#
########c.##########'##
......... ..# ######## ..#
#......# ..' #......# ##.
#......#


You could see a tengu reaver, a yaktaur captain (confused), a skeletal warrior,
a vault sentinel and 2 friendly soldier ants.

Vanquished Creatures
  Xtahua (Vaults:2)
  A sphinx (Vaults:1)
  A nagaraja (Snake:3)
  A thorn hunter (Swamp:4)
  A vault warden (Vaults:2)
  The ghost of Duffy the Brawler, a journeyman NaTm of Cheibriados (D:13)
  An orc warlord (Orc:1)
  3 stone giants
  An ironheart preserver (Vaults:2)
  2 very ugly things (Vaults:2)
  A dire elephant (Lair:4)
  An ettin (D:15)
  Josephine (Swamp:1)
  A great orb of eyes (Vaults:1)
  An ice dragon (Vaults:2)
  4 naga warriors (Snake:4)
  12 hydras
  8 centaur warriors
  12 two-headed ogres
  A death knight (D:14)
  7 anacondas
  An ogre mage (Vaults:2)
  A tengu warrior (D:15)
  An orc high priest (Orc:2)
  3 alligators
  9 shock serpents
  5 naga sharpshooters
  4 deep elf knights
  A thrashing horror (Abyss:1)
  Sonja (D:10)
  2 wretched stars (Abyss:1)
  2 skeletal warriors
  A salamander mystic (Snake:3)
  A sixfirhy (Abyss:1)
  3 unseen horrors
  A naga ritualist (Snake:4)
  A death drake (shapeshifter) (D:14)
  3 ironbrand convokers
  A lindwurm (Lair:1)
  2 sea snakes (Snake:4)
  6 deep elf magi
  2 shambling mangroves
  A phantasmal warrior (D:14)
  A wizard (D:13)
  9 orc knights
  5 swamp dragons
  A deep elf archer (D:13)
  2 necromancers (D:13)
  2 oklob plants
  4 mana vipers
  10 ugly things
  A manticore (D:12)
  5 cyclopes
  4 orc sorcerers
  A wolf spider (Vaults:1)
  A worldbinder (Abyss:1)
  3 guardian serpents
  A centaur zombie (D:13)
  Maurice (D:9)
  11 salamanders
  15 black mambas
  Joseph (D:8)
  15 elephants
  4 naga magi (Snake:4)
  Psyche (D:8)
  3 vault sentinels (Vaults:1)
  A centaur skeleton (D:14)
  A gargoyle (D:14)
  A spiny frog (shapeshifter) (Vaults:1)
  A smoke demon (Abyss:3)
  5 spiny frogs
  An orange demon (Abyss:1)
  A kobold demonologist (D:14)
  6 komodo dragons
  9 yaktaurs
  An efreet (D:14)
  2 ancient zymes
  6 polar bears (Lair:6)
  5 trolls
  A queen bee (Lair:6)
  3 meliai (Lair:6)
  A large abomination (Abyss:1)
  7 tyrant leeches
  16 slime creatures
  17 hornets
  4 bog bodies
  11 blink frogs
  2 raiju (Abyss:1)
  A hippogriff (shapeshifter) (D:14)
  10 hippogriffs
  4 dream sheep (Lair:4)
  7 wraiths
  A vampire (D:12)
  A redback (shapeshifter) (D:15)
  4 wyverns
  18 spriggans
  A tarantella (shapeshifter) (Vaults:1)
  A ynoxinul (Abyss:1)
  Grum (D:10)
  10 humans (D:13)
  40 yaks
  5 basilisks
  A fire bat (shapeshifter) (Vaults:2)
  7 vampire mosquitoes
  2 hungry ghosts
  A human simulacrum (Vaults:1)
  19 swamp worms
  A warg (Orc:1)
  28 nagas
  A soldier ant (D:15)
  5 insubstantial wisps (Swamp:4)
  An acid dragon (D:9)
  6 water moccasins
  A hell hound (Abyss:1)
  A floating eye (shapeshifter) (Vaults:1)
  8 porcupines
  45 orc warriors
  3 sky beasts
  11 swamp drakes
  3 ice beasts
  3 black bears
  2 eyes of draining
  2 phantoms
  An eye of draining (shapeshifter) (D:13)
  7 ogres
  18 wolves
  6 boggarts
  31 centaurs
  12 crocodiles
  6 big kobolds
  Blork the orc (D:4)
  15 bullfrogs
  An earth elemental (Abyss:1)
  A wyvern zombie (D:10)
  A scorpion (D:11)
  35 killer bees
  An orc simulacrum (Vaults:1)
  22 wights
  3 electric eels
  9 crimson imps
  6 lava snakes (Snake:2)
  7 hounds
  2 bullfrog zombies (D:11)
  5 jellies
  2 bullfrog skeletons
  29 orc priests
  27 orc wizards
  An iron imp (D:9)
  Natasha (twice) (D:2)
  7 iguanas
  13 worker ants
  A killer bee zombie (D:5)
  A hound zombie (D:10)
  A worker ant zombie (D:11)
  Robin (D:2)
  3 gnolls (D:9)
  17 adders
  4 shadow imps
  An adder zombie (D:9)
  4 adder skeletons
  3 worms
  3 dart slugs
  3 leopard geckos
  103 orcs
  5 ball pythons
  6 giant cockroaches
  14 goblins
  12 hobgoblins
  9 jackals
  3 quokkas
  A ball python skeleton (D:4)
  A bat (D:1)
  4 frilled lizards
  29 kobolds
  4 rats
  2 fungi
  A plant (Lair:1)
1079 creatures vanquished.

Vanquished Creatures (collateral kills)
  Saint Roka (Vaults:2)
  Gastronok (Lair:2)
  A thorn hunter (Swamp:1)
  7 nagarajas
  2 vault wardens
  An ironheart preserver (Vaults:2)
  A very ugly thing (Vaults:2)
  A yaktaur captain (Vaults:1)
  A vault guard (D:13)
  10 naga warriors
  A ghost crab (Swamp:4)
  10 hydras
  A centaur warrior (Vaults:2)
  5 anacondas
  A two-headed ogre (shapeshifter) (Vaults:2)
  2 orc high priests (Orc:2)
  6 naga sharpshooters
  7 spriggans
  5 shock serpents
  A salamander mystic (Snake:4)
  A skeletal warrior (Vaults:2)
  An unseen horror (D:15)
  2 spriggan druids (Swamp:4)
  2 necromancers (D:13)
  A shambling mangrove (Swamp:1)
  5 sea snakes (Snake:4)
  An ironbrand convoker (Vaults:2)
  11 mana vipers
  2 orc knights
  A harpy (Vaults:2)
  2 wolf spider zombies
  6 swamp dragons
  9 naga ritualists
  A deep elf archer (Vaults:2)
  2 salamanders (Snake:2)
  3 deep elf magi
  2 oklob plants
  A cyclops (Vaults:2)
  8 ugly things
  6 guardian serpents
  19 black mambas
  11 naga magi
  2 smoke demons (Abyss:3)
  A vault sentinel (Vaults:1)
  9 spiny frogs
  2 komodo dragons (Lair:3)
  An ice devil (Abyss:3)
  A freezing wraith (Vaults:1)
  A troll (Orc:1)
  A queen bee (D:11)
  21 slime creatures
  2 bog bodies (Swamp:1)
  3 hornets
  2 tyrant leeches (Swamp:1)
  5 blink frogs
  2 dream sheep (Lair:4)
  2 hippogriffs (Lair:5)
  A centaur simulacrum (D:15)
  3 wraiths
  A small abomination (Abyss:1)
  9 yaks
  A ynoxinul (Abyss:1)
  A basilisk (Lair:2)
  6 humans (D:13)
  12 vampire mosquitoes
  2 insubstantial wisps (Swamp:4)
  26 nagas
  6 swamp worms
  4 wargs
  7 orc warriors
  3 swamp drakes
  3 boggarts (Vaults:2)
  2 ogres
  A wolf (Lair:6)
  5 centaurs
  A crocodile (Lair:6)
  2 bullfrogs (Lair:2)
  2 wights (D:13)
  A bullfrog zombie (D:13)
  A crimson imp (D:13)
  An orc wizard (D:15)
  6 orcs
  10 briar patches
334 creatures vanquished.

Vanquished Creatures (others)
  A vault warden (Vaults:2)
  A skeletal warrior (Vaults:1)
  5 yaktaurs
  2 swamp worms (Swamp:4)
  An orc warrior (Vaults:2)
  A wolf (D:10)
  A briar patch (Swamp:1)
  12 fungi
  10 plants
  17 snaplasher vines
  9 starspawn tentacles
60 creatures vanquished.

Grand Total: 1473 creatures vanquished

Notes
Turn   | Place    | Note
-------+----------+-------------------------------------------
     0 | D:1      | Gorglomux the Demigod Venom Mage began the quest for the Orb.
     0 | D:1      | Reached XP level 1. HP: 14/14 MP: 5/5
   120 | D:1      | Reached skill level 1 in Fighting
   572 | D:1      | Reached XP level 2. HP: 19/23 MP: 0/7
   825 | D:2      | Learned a level 2 spell: Poisonous Vapours
   989 | D:2      | Noticed Natasha
  1059 | D:2      | Found a glowing golden altar of the Shining One.
  1100 | D:2      | Noticed Robin
  1402 | D:2      | Killed Robin
  1402 | D:2      | Reached skill level 1 in Air Magic
  1402 | D:2      | Reached XP level 3. HP: 27/29 MP: 1/8
  1598 | D:2      | Reached XP level 4. HP: 33/37 MP: 1/9
  1628 | D:2      | Killed Natasha
  1628 | D:2      | Reached skill level 3 in Fighting
  2088 | D:2      | Noticed Natasha
  2092 | D:2      | Killed Natasha
  2194 | D:3      | Found an iron altar of Okawaru.
  2228 | D:3      | Reached XP level 5. HP: 45/45 MP: 5/10
  2274 | D:3      | Learned a level 3 spell: Mephitic Cloud
  2372 | D:3      | Reached skill level 3 in Poison Magic
  2795 | D:3      | Found a basalt altar of Yredelemnul.
  2797 | D:3      | Found a sacrificial altar of Ru.
  3348 | D:4      | Noticed a black bear
  3354 | D:4      | Killed a black bear
  3354 | D:4      | Reached skill level 3 in Air Magic
  3354 | D:4      | Reached XP level 6. HP: 47/52 MP: 3/12
  3422 | D:4      | Found a staircase to the Ecumenical Temple.
  3775 | D:4      | Noticed Blork the orc
  3798 | D:4      | Killed Blork the orc
  3964 | D:4      | Found an ornate altar of the Wu Jian Council.
  4399 | D:5      | Entered Level 5 of the Dungeon
  4470 | D:5      | Reached skill level 3 in Spellcasting
  4470 | D:5      | Reached XP level 7. HP: 55/59 MP: 5/14
  5049 | D:5      | Found a stormy altar of Qazlal.
  5052 | D:5      | Found a blossoming altar of Fedhas.
  5087 | D:5      | Found a hide-covered altar of Uskayaw.
  5161 | D:5      | Noticed a dagger
  5161 | D:5      | Noticed a hand axe
  5583 | D:5      | Reached XP level 8. HP: 65/68 MP: 6/15
  5646 | D:5      | Learned a level 4 spell: Olgreb's Toxic Radiance
  5923 | D:6      | Reached skill level 1 in Conjurations
  6246 | D:6      | Found a shadowy altar of Dithmenos.
  6841 | D:7      | Found a white marble altar of Elyvilon.
  6844 | D:7      | Noticed a hippogriff
  6861 | D:7      | Reached skill level 6 in Fighting
  6867 | D:7      | Killed a hippogriff
  6867 | D:7      | Reached skill level 6 in Poison Magic
  7552 | D:8      | Reached XP level 9. HP: 47/78 MP: 11/18
  7826 | D:8      | Noticed Psyche
  7845 | D:8      | Killed Psyche
  8007 | D:8      | Learned a level 2 spell: Swiftness
  8170 | D:8      | Noticed Joseph
  8219 | D:8      | Killed Joseph
  8437 | D:8      | Noticed a two-headed ogre
  8927 | D:8      | Killed a two-headed ogre
  9061 | D:9      | Noticed Maurice
  9241 | D:9      | Found a bloodstained altar of Trog.
  9244 | D:9      | Found a staircase to the Orcish Mines.
  9273 | D:9      | Killed Maurice
  9363 | D:9      | Found a hazy altar of Hepliaklqana.
  9421 | D:9      | Reached XP level 10. HP: 56/90 MP: 10/19
  9713 | D:9      | Reached skill level 9 in Fighting
  9816 | D:9      | Reached skill level 9 in Poison Magic
 10080 | D:9      | Noticed a two-headed ogre
 10093 | D:9      | Killed a two-headed ogre
 10381 | D:9      | Reached skill level 1 in Evocations
 10626 | D:9      | Found a snail-covered altar of Cheibriados.
 10787 | D:9      | Reached skill level 1 in Armour
 11043 | D:10     | Entered Level 10 of the Dungeon
 11064 | D:10     | Noticed a two-headed ogre
 11095 | D:9      | Killed a two-headed ogre
 11095 | D:9      | Reached skill level 3 in Armour
 11393 | D:10     | Noticed Sonja
 11400 | D:10     | Killed Sonja
 11564 | D:10     | Noticed Grum
 11578 | D:10     | Reached skill level 3 in Dodging
 11578 | D:10     | Reached skill level 3 in Evocations
 11583 | D:10     | Got a bloodstained quarterstaff {elec}
 11584 | D:10     | Identified the +4 quarterstaff of Haharijo {elec, *Slow rElec Int+6} (You took it off a kobold on level 10 of the Dungeon)
 11587 | D:10     | Killed Grum
 11923 | D:11     | Reached XP level 11. HP: 64/99 MP: 7/20
 12040 | D:11     | Noticed a five-headed hydra
 12054 | D:11     | Learned a level 4 spell: Summon Lightning Spire
 12066 | D:11     | Killed a two-headed hydra
 12125 | D:11     | Noticed a two-headed ogre
 12161 | D:11     | Killed a two-headed ogre
 12173 | D:11     | Reached skill level 6 in Air Magic
 12390 | D:11     | Reached skill level 1 in Summonings
 12664 | D:11     | Noticed a two-headed ogre
 12665 | D:11     | Found a staircase to the Lair.
 12888 | D:11     | Reached skill level 3 in Summonings
 12938 | D:11     | Reached skill level 6 in Spellcasting
 12992 | D:11     | Killed a two-headed ogre
 13163 | D:11     | Noticed a two-headed ogre
 13176 | D:11     | Killed a two-headed ogre
 13191 | D:11     | Killed an unseen horror
 13429 | Lair:1   | Entered Level 1 of the Lair of Beasts
 13797 | Lair:1   | Learned a level 4 spell: Airstrike
 14062 | Lair:1   | Found a dark tunnel.
 14062 | Lair:1   | Noticed a lindwurm
 14070 | Lair:1   | Killed a lindwurm
 14437 | Lair:2   | Reached XP level 12. HP: 90/106 MP: 10/27
 14532 | Lair:2   | Noticed a seven-headed hydra
 14599 | Lair:2   | Killed a seven-headed hydra
 14753 | Lair:2   | Reached skill level 6 in Summonings
 15435 | Lair:2   | Noticed a four-headed hydra
 15478 | Lair:2   | Killed a four-headed hydra
 15800 | Lair:2   | Noticed Gastronok
 15815 | Lair:2   | Killed Gastronok
 16090 | Lair:3   | Reached skill level 9 in Air Magic
 16994 | Lair:3   | Upgraded the game from 0.22-a0-162-g33bf127 to 0.22-a0-166-g5351223
 17144 | Lair:4   | Noticed a dire elephant
 17393 | Lair:4   | Killed a dire elephant
 17694 | Lair:4   | Reached XP level 13. HP: 111/114 MP: 3/29
 18207 | Lair:4   | Identified a scroll of acquirement
 18341 | Lair:4   | Found a staircase to the Snake Pit.
 18587 | Lair:4   | Found a staircase to the Swamp.
 18966 | Lair:5   | Reached skill level 6 in Dodging
 20125 | Lair:6   | Entered Level 6 of the Lair of Beasts
 20716 | Lair:6   | Paralysed by a hornet for 1 turns
 20723 | Lair:6   | Reached skill level 12 in Fighting
 21136 | Lair:6   | Reached skill level 1 in Shields
 21503 | Lair:6   | Reached skill level 3 in Shields
 21750 | Lair:6   | Found a staircase to the Slime Pits.
 22767 | D:12     | Reached XP level 14. HP: 49/127 MP: 8/30
 23800 | D:13     | Noticed Duffy's ghost (journeyman NaTm)
 23827 | D:13     | Killed Duffy's ghost
 24210 | D:13     | Reached skill level 9 in Dodging
 25340 | D:13     | Found a gate to the Vaults.
 25651 | D:14     | Found Sejot's Weapon Shop.
 26004 | D:14     | Got a vibrating lead ring
 26322 | D:14     | Found Roghag's Antique Armour Shoppe.
 26388 | D:14     | Found Kuvvajafo's Weapon Boutique.
 26552 | D:15     | Entered Level 15 of the Dungeon
 26922 | D:15     | Found a sacrificial altar of Ru.
 27145 | D:15     | Identified the ring "Earthly Heaven" {rN+ Str+4 Dex+4} (You took it off a centaur warrior on level 14 of the Dungeon)
 27805 | D:15     | Found a staircase to the Depths.
 28112 | D:12     | Reached XP level 15. HP: 86/137 MP: 31/31
 28237 | Orc:1    | Entered Level 1 of the Orcish Mines
 28659 | Orc:2    | Entered Level 2 of the Orcish Mines
 28673 | Orc:2    | Found a flickering gateway to a bazaar.
 28934 | Orc:2    | Found a staircase to the Elven Halls.
 29097 | Bazaar   | Entered a bazaar
 29097 | Bazaar   | Found Rashoeva's Antique Armour Shop.
 29104 | Bazaar   | Found Rextegh's Assorted Antiques.
 29116 | Bazaar   | Found Ziolijou's Book Shop.
 29127 | Bazaar   | Found Telor's Antique Armour Emporium.
 29203 | Bazaar   | Bought a pair of dazzling boots for 361 gold pieces
 29213 | Bazaar   | Identified the +1 pair of boots of Disaster {rF+} (You bought it in a shop in a bazaar)
 29251 | Bazaar   | Bought a manual of Summonings for 1214 gold pieces
 29251 | Bazaar   | Bought a book of Summonings for 770 gold pieces
 29897 | Orc:2    | Found Moxt's Food Emporium.
 29897 | Orc:2    | Found Qovvuk's Book Boutique.
 29899 | Orc:2    | Found Caysev's Jewellery Emporium.
 29899 | Orc:2    | Found Teng's Magic Scroll Boutique.
 29918 | Orc:2    | Bought a scroll of blinking for 97 gold pieces
 30195 | Orc:2    | Learned a level 5 spell: Summon Forest
 30409 | Snake:1  | Entered Level 1 of the Snake Pit
 30680 | Snake:1  | Reached skill level 1 in Translocations
 31435 | Snake:1  | Reached skill level 9 in Summonings
 31669 | Snake:1  | Learned a level 5 spell: Summon Mana Viper
 32691 | Snake:2  | Reached skill level 3 in Translocations
 33194 | Snake:2  | Noticed a nagaraja
 33204 | Snake:2  | Killed a nagaraja
 33532 | Snake:2  | Reached skill level 1 in Hexes
 35397 | Snake:3  | Found a sparkling altar of Nemelex Xobeh.
 35720 | Snake:2  | Reached skill level 9 in Spellcasting
 35928 | Snake:3  | Reached skill level 3 in Hexes
 36165 | Snake:3  | Noticed a nagaraja
 36363 | Snake:3  | Killed a nagaraja
 36897 | Swamp:1  | Entered Level 1 of the Swamp
 37151 | Swamp:1  | Reached XP level 16. HP: 147/147 MP: 25/34
 37515 | Swamp:1  | Noticed Josephine
 37529 | Swamp:1  | Killed Josephine
 38515 | Orc:2    | Bought the ring of Utiopoont {*Corrode rPois Str+3 Dex+3 Slay+2} for 432 gold pieces
 38962 | Snake:3  | Reached skill level 12 in Summonings
 39482 | Snake:4  | Entered Level 4 of the Snake Pit
 41194 | Snake:4  | Reached skill level 12 in Dodging
 41529 | Snake:4  | Reached skill level 6 in Armour
 42310 | Snake:4  | Got a serpentine rune of Zot
 42661 | Swamp:2  | You fall through a shaft!
 42703 | Swamp:3  | Found a basalt altar of Yredelemnul.
 42754 | Swamp:3  | Reached skill level 15 in Fighting
 43467 | Swamp:2  | Identified the ring "Jututask" {rC+ Str+4} (You found it on level 2 of the Swamp)
 44410 | Swamp:4  | Entered Level 4 of the Swamp
 44891 | Swamp:3  | Reached XP level 17. HP: 106/156 MP: 19/36
 45375 | Swamp:4  | Got a decaying rune of Zot
 46061 | Vaults:1 | Entered Level 1 of the Vaults
 46070 | Vaults:1 | Cast into level 1 of the Abyss (orc knight)
 46277 | Abyss:1  | Noticed a bone dragon
 46680 | Abyss:3  | Found a corrupted altar of Lugonu.
 46851 | Vaults:1 | Escaped the Abyss
 47988 | Vaults:1 | Learned a level 2 spell: Blink
 49201 | Vaults:2 | Noticed Boris
 49291 | Vaults:2 | Noticed Xtahua
 49325 | Vaults:2 | Killed Xtahua
 49872 | Vaults:2 | Learned a level 6 spell: Shadow Creatures
 50192 | Vaults:2 | Noticed Saint Roka
 50208 | Vaults:2 | Killed Saint Roka
 50447 | Vaults:2 | Reached skill level 15 in Summonings
 50466 | Vaults:2 | HP: 6/157 [yaktaur[a yaktaur captain] (13)]
 50753 | Vaults:2 | Noticed Mara
 50758 | Vaults:2 | Noticed Gorglomux's illusion
 50794 | Vaults:2 | HP: 7/157 [yaktaur captain/bolt (30)]
 50807 | Vaults:2 | HP: 7/157 [tengu reaver/bolt of acid (21)]
 50807 | Vaults:2 | Splashed by a tengu reaver's acid

Vault maps used:
D:1:      minmay_arrival_four_houses
D:2:      kennysheep_big_flooded_room, tso_oasis_becter, st_stairs_14,
          uniq_natasha, uniq_robin
D:3:      lemuel_doored_altar, grunt_temple_overflow_open
D:4:      corexii_shack_village, lemuel_round_altar,
          minmay_temple_entry_butterflies, first_ration, serial_bayou_pond_d,
          uniq_blork_the_orc
D:5:      grunt_temple_overflow_forces_of_nature, dancing_weapons_uskayaw
D:6:      kennysheep_mini_moat, small_statue_intersection
D:7:      elyvilon_altar_5
D:8:      uniq_psyche, uniq_joseph
D:9:      slow_altar_1, bloody_trog, overflow_temple_1_default, orc_0_dummy,
          uniq_maurice
D:10:     minmay_unpleasant_kobolds, uniq_sonja, uniq_grum
D:11:     lair_entry_dummy, david_nohive_1
D:12:     serial_co_window_serial, co_window_paths_b, co_window_cross_1,
          co_window_paths_b, co_window_cross_1, co_window_paths_a,
          co_window_broadway_a, co_window_of_opportunity_b,
          co_window_unsneaky_path_b, co_window_of_opportunity_c,
          co_window_cross_4, co_window_broadway_c, roderic_lattice_a
D:13:     grunt_vaults_entry_tiered, minmay_misc_feat_chi,
          kennysheep_generic_room_15
D:14:     small_statue_intersection, enter_bailey_2, serial_shops, shop,
          nicolae_shop_crystal, nicolae_shop_temple_entry_statues_fountains,
          minivault_10, lemuel_nasty_fountain
D:15:     hangedman_depths_entry_civil_slaughter, hangedman_ru_absence
Lair:1:   nicolae_volcano_entry_vermiform, nicolae_lair_grove_arrangements,
          minmay_lair_oklob_chamber
Lair:2:   wad_woods_structure_01, infiniplex_staircase_pool_2, uniq_gastronok
Lair:3:   beast_lair_carwin_large_2, minivault_25, lemuel_fruit_tree
Lair:4:   beast_lair_carwin_large_4, nicolae_swamp_entry_splash_gauntlet,
          guppyfry_snake_entry_garden, serial_bayou_pond_c
Lair:6:   minmay_lair_end_enchanted_forest, minmay_slime_entry_pillars,
          special_room, disabler_island
Swamp:1:  nicolae_swamp_trees_clearing, uniq_josephine
Swamp:2:  evilmike_swamp_ruin_house_4
Swamp:3:  nicolae_swamp_godswood
Swamp:4:  swamp
Snake:2:  nicolae_snake_squiggles, nicolae_snake_lava_pool
Snake:3:  basic_altar
Snake:4:  grunt_snake_rune_pools, special_room
Orc:1:    mines3_lemuel
Orc:2:    grunt_orc_tribal_feast, serial_shops, bzr_entry_customers
Vaults:1: nicolae_vaults_yaktaur_gun_rack, nicolae_vaults_octagons,
          ontoclasm_vaults_loading_screen, nicolae_vaults_inception_corners,
          vaults_room_fours, vaults_room_stairs_pillars, serial_ice_m,
          vaults_room_corners, ontoclasm_vaults_misaligned,
          ontoclasm_vaults_spin, v_misc_27, v_misc_8, v_misc_19
Vaults:2: v_pattern_3, nicolae_vaults_network_quinsquares, v_misc_12,
          special_room_vaults, v_misc_13, grunt_vaults_funnel,
          hangedman_vaults_trim, uniq_saint_roka, uniq_xtahua, uniq_boris,
          uniq_mara
Abyss:3:  evilmike_abyss_exit_smiterflies, hangedman_classic_abyss_death,
          grunt_abyss_rune_forest_and_sorcery
Bazaar:   bazaar_kb_twisted_cavern

Skill      XL: |  1  2  3  4  5  6  7  8  9 10 11 12 13 14 15 16 17 |
---------------+----------------------------------------------------+-----
Fighting       | 1 2 3 4 5 6 8 10 12 14 15 | 15.7
Air Magic      | 1 2 3 4 5 7 9 |  9.0
Spellcasting   | 2 3 4 7 9 10 | 10.5
Poison Magic   | 3 4 5 6 8 9 |  9.0
Conjurations   | 1 |  1.1
Evocations     | 3 4 |  4.0
Armour         | 3 5 7 8 |  8.7
Dodging        | 3 5 8 11 12 13 | 13.3
Summonings     | 5 7 11 13 15 | 15.3
Shields        | 4 |  4.0
Translocations | 4 |  4.0
Hexes          | 3 4 |  4.0
Stealth        | |  1.7

Action                   |  1- 3 |  4- 6 |  7- 9 | 10-12 | 13-15 | 16-18 || total
-------------------------+-------+-------+-------+-------+-------+-------++-------
Melee: Short sword       |    28 |   118 |    51 |       |       |       ||   197
       Unarmed           |     4 |       |       |       |       |       ||     4
       Hand axe          |       |       |   216 |   399 |  1031 |   113 ||  1759
       Quarterstaff      |       |       |       |    22 |       |       ||    22
       Demon whip        |       |       |       |       |       |   832 ||   832
 Fire: Shortbow          |       |       |    15 |       |       |       ||    15
Throw: Javelin           |       |     1 |     1 |     6 |       |     2 ||    10
       Tomahawk          |       |     1 |       |       |       |       ||     1
 Cast: Sting             |    33 |     6 |    33 |     3 |     6 |       ||    81
       Poisonous Vapours |    25 |    81 |   123 |   139 |   438 |    99 ||   905
       Mephitic Cloud    |       |     1 |    11 |    23 |    37 |    34 ||   106
       Olgreb's Toxic Ra |       |       |     6 |    72 |   128 |    50 ||   256
       Summon Lightning  |       |       |       |    29 |   113 |    85 ||   227
       Airstrike         |       |       |       |    16 |   108 |    93 ||   217
       Swiftness         |       |       |       |     1 |     4 |     3 ||     8
       Summon Forest     |       |       |       |       |    13 |    44 ||    57
       Summon Mana Viper |       |       |       |       |    12 |    53 ||    65
       Shadow Creatures  |       |       |       |       |       |    11 ||    11
       Blink             |       |       |       |       |       |     3 ||     3
Evoke: Wand              |       |       |       |     4 |     9 |     7 ||    20
       Lamp of fire      |       |       |       |       |     1 |       ||     1
       Sack of spiders   |       |       |       |       |     1 |     1 ||     2
  Use: Potion            |     2 |       |     1 |     2 |     4 |    13 ||    22
       Scroll            |       |     1 |     8 |     6 |    16 |    32 ||    63
 Stab: Confused          |       |     1 |       |     3 |     3 |     6 ||    13
       Distracted        |       |       |       |     4 |    11 |    15 ||    30
       Sleeping          |       |       |       |     1 |     1 |     1 ||     3
  Eat: Chunk             |     4 |    15 |    19 |    27 |    73 |    41 ||   179
       Ration            |       |       |     1 |     5 |     9 |    12 ||    27
Armor: Robe              |    19 |    56 |   147 |    27 |       |       ||   249
       Acid dragon scale |       |       |       |    76 |       |       ||    76
       Troll leather arm |       |       |       |   110 |   355 |   295 ||   760
Dodge: Dodged            |    30 |   125 |   235 |   613 |  1698 |  1248 ||  3949
Block: Other             |       |       |       |     7 |       |       ||     7
       Buckler           |       |       |       |       |   305 |   574 ||   879
       Reflection        |       |       |       |       |       |    31 ||    31

Table legend:
 A = Spawn XP
 B = Non-spawn XP
 C = Spawn XP percentage of total XP
 D = Spawn monster count
 E = Non-spawn monster count
 F = Spawn count percentage of total count
 G = Total turns spent on level
                    A         B        C        D         E        F      G
               +---------+---------+-------+---------+---------+-------+---------
         Total |    3762 |  331757 |   1.1 |      11 |    1400 |   0.8 | 50807
               +---------+---------+-------+---------+---------+-------+---------
           D:1 |       0 |      20 |   0.0 |       0 |      14 |   0.0 |  1067
           D:2 |       0 |     207 |   0.0 |       0 |      31 |   0.0 |  1118
           D:3 |       0 |     103 |   0.0 |       0 |      16 |   0.0 |  1124
           D:4 |       0 |     523 |   0.0 |       0 |      32 |   0.0 |  1420
           D:5 |       0 |     869 |   0.0 |       0 |      30 |   0.0 |  1000
           D:6 |       0 |     575 |   0.0 |       0 |      14 |   0.0 |   635
           D:7 |       0 |     768 |   0.0 |       0 |      11 |   0.0 |  1054
           D:8 |       0 |    2494 |   0.0 |       0 |      25 |   0.0 |  2297
           D:9 |       0 |    4589 |   0.0 |       0 |      40 |   0.0 |  1603
          D:10 |       0 |    2479 |   0.0 |       0 |      35 |   0.0 |   872
          D:11 |       0 |    9699 |   0.0 |       0 |      59 |   0.0 |  1546
          D:12 |       0 |    6464 |   0.0 |       0 |      42 |   0.0 |  1651
          D:13 |       0 |   16392 |   0.0 |       0 |      76 |   0.0 |  2197
          D:14 |       0 |   13486 |   0.0 |       0 |      44 |   0.0 |  1076
          D:15 |       0 |   12640 |   0.0 |       0 |      31 |   0.0 |  1502
        Lair:1 |       0 |    3225 |   0.0 |       0 |      14 |   0.0 |  1094
        Lair:2 |       0 |    8222 |   0.0 |       0 |      30 |   0.0 |  1590
        Lair:3 |       0 |    5322 |   0.0 |       0 |      27 |   0.0 |  1399
        Lair:4 |       0 |   10413 |   0.0 |       0 |      37 |   0.0 |  1990
        Lair:5 |       0 |    8310 |   0.0 |       0 |      36 |   0.0 |  1352
        Lair:6 |       0 |   16440 |   0.0 |       0 |      95 |   0.0 |  1890
       Swamp:1 |       0 |   12302 |   0.0 |       0 |      55 |   0.0 |  1536
       Swamp:2 |       0 |    4448 |   0.0 |       0 |      16 |   0.0 |   634
       Swamp:3 |       0 |    8325 |   0.0 |       0 |      35 |   0.0 |  1313
       Swamp:4 |       0 |   20931 |   0.0 |       0 |      63 |   0.0 |  1257
       Snake:1 |       0 |   10399 |   0.0 |       0 |      29 |   0.0 |  2124
       Snake:2 |       0 |   22522 |   0.0 |       0 |      72 |   0.0 |  3648
       Snake:3 |       0 |   14492 |   0.0 |       0 |      30 |   0.0 |  2077
       Snake:4 |       0 |   37894 |   0.0 |       0 |      94 |   0.0 |  2260
         Orc:1 |       0 |    6641 |   0.0 |       0 |      46 |   0.0 |   677
         Orc:2 |       0 |    9224 |   0.0 |       0 |      60 |   0.0 |  1309
      Vaults:1 |       0 |   23200 |   0.0 |       0 |      62 |   0.0 |  1986
      Vaults:2 |       0 |   32883 |   0.0 |       0 |      82 |   0.0 |  1546
       Abyss:1 |    3178 |    2631 |  54.7 |       9 |      11 |  45.0 |   532
       Abyss:3 |     584 |    2625 |  18.2 |       2 |       6 |  25.0 |   171
               +---------+---------+-------+---------+---------+-------+---------
